 Dungeon Crawl Stone Soup version 0.31-a0-971-g75a2e9a4b4 (webtiles) character file.

Game seed: 6261903511382948573

1413 Flugkiller the Firebug (level 8, -2/37 (41) HPs)
             Began as a Deep Elf Fire Elementalist on Oct 28, 2023.
             Slain by a wight
             ... wielding a +2 spear of flaming
              (4 damage)
             ... on level 6 of the Dungeon.
             The game lasted 00:05:48 (5247 turns).

Flugkiller the Firebug (Deep Elf Fire Elementalist) Turns: 5247, Time: 00:05:49

HP:   -2/37 (41)    AC:  4    Str:  5    XL:     8   Next: 43%
MP:   0/20          EV: 11    Int: 23    God:
Gold: 278           SH:  0    Dex: 15    Spells: 10/20 levels left

rFire   . . .        c - +2 dagger (protect)
rCold   . . .        (no shield)
rNeg    . . .        g - +1 leather armour {Will+}
rPois   .            (no helmet)
rElec   .            (no cloak)
rCorr   .            (no gloves)
SInv    .            (no boots)
Will    +....        k - amulet of guardian spirit
Stlth   ++           (no ring)
HPRegen 0.26/turn    (no ring)
MPRegen 0.17/turn

%: guardian spirit
@: drained
A: no striking features
a: no special abilities


You were on level 6 of the Dungeon.
You visited 1 branch of the dungeon, and saw 6 of its levels.

You collected 278 gold pieces.

Inventory:

Hand Weapons
 c - a +2 dagger of protection (weapon)
   (You found it on level 2 of the Dungeon)
 n - a +2 rapier of venom
   (You took it off Eustachio on level 4 of the Dungeon)
Armour
 a - a +0 robe
 g - a +1 leather armour of willpower (worn)
   (You found it on level 1 of the Dungeon)
Jewellery
 k - an amulet of guardian spirit (around neck)
   (You found it on level 3 of the Dungeon)
 p - a ring of protection from fire
   (You found it on level 5 of the Dungeon)
 v - a +5 ring of evasion
   (You found it on level 5 of the Dungeon)
Wands
 l - a wand of flame (21)
   (You found it on level 3 of the Dungeon)
Scrolls
 e - 2 scrolls of enchant weapon
 h - a scroll of revelation
 i - a scroll of amnesia
 j - a scroll of fog {unknown}
 o - a scroll of vulnerability {unknown}
 t - 2 scrolls of teleportation
Potions
 b - a potion of magic
 d - a potion of brilliance
 f - a potion of might {unknown}
 m - a potion of cancellation {unknown}
 q - 6 potions of curing


   Skills:
 - Level 2.4 Dodging
 - Level 2.4 Stealth
 + Level 6.7 Spellcasting
 * Level 7.2 Conjurations
 * Level 7.9 Fire Magic


You had 10 spell levels left.
You knew the following spells:

 Your Spells              Type           Power      Damage    Failure   Level
a - Foxfire               Conj/Fire      100%       2x1d9     1%          1
b - Scorch                Fire           88%        2d8       1%          2
c - Volatile Blastmotes   Fire/Tloc      52%        2d14      8%          3
d - Flame Wave            Conj/Fire      42%        2d11      6%          4

Your spell library contained the following spells:

 Spells                   Type           Power      Damage    Failure   Level
 Inner Flame              Hex/Fire       26%        N/A       8%          3
 Slow                     Hex            28%        N/A       13%         1
 Fulminant Prism          Conj/Hex       12%        3d9       30%         4
 Iskenderun's Mystic Bla  Conj/Tloc      24%        2d7       30%         4
 Confusing Touch          Hex            7%         N/A       36%         3
 Sigil of Binding         Hex            7%         N/A       36%         3
 Vampiric Draining        Necr           7%         2d6       36%         3


Dungeon Overview and Level Annotations

Branches:
Dungeon (6/15) Zot: 26865  Temple (0/1) D:6

Altars:
Kikubaaqudgha

Annotations:
D:5 Grinder


Message History

The foxfire hits the wight!
The wight is burned terribly!
The wight is almost destroyed.
The foxfire hits the wight!
The wight is burned terribly!
You destroy the wight!
Casting: Foxfire (safe; 1% risk of failure)
Confirm with . or Enter, or press ? or * to list all spells.
You conjure some foxfire!
A wight comes into view. It is wielding a +0 heavy great sword.
The foxfire hits the bullfrog.
The bullfrog is moderately wounded.
The foxfire hits the bullfrog!
The bullfrog is heavily wounded.
Casting: Foxfire (safe; 1% risk of failure)
Confirm with . or Enter, or press ? or * to list all spells.
You conjure some foxfire!
The foxfire hits the bullfrog.
The bullfrog is severely wounded.
The foxfire hits the bullfrog.
The bullfrog is almost dead.
You hit the bullfrog.
Your weapon exudes an aura of protection.
You kill the bullfrog!
Your Conjurations skill increases to level 7!
Aiming: Throw Flame
Press: ? - help, Shift-Dir - straight line, f - wight
Aim: a wight, wielding a +0 heavy great sword and wearing a +0 robe (68% to hit)
The puff of flame hits the wight.
The wight is moderately damaged.
Aiming: Throw Flame
Press: ? - help, Shift-Dir - straight line, f/p - wight
Aim: a wight, wielding a +0 heavy great sword and wearing a +0 robe (moderately damaged, 68% to hit)
The puff of flame hits the wight.
The wight is heavily damaged.
Aiming: Throw Flame
Press: ? - help, Shift-Dir - straight line, f/p - wight
Aim: a wight, wielding a +0 heavy great sword and wearing a +0 robe (moderately damaged, 68% to hit)
The puff of flame hits the wight.
The wight is severely damaged.
Casting: Foxfire (safe; 1% risk of failure)
Confirm with . or Enter, or press ? or * to list all spells.
Flames lash the wight.
You destroy the wight!
Casting: Scorch (safe; 1% risk of failure)
Confirm with . or Enter, or press ? or * to list all spells.
Flames lash the wight but do no damage.
A wight comes into view. It is wielding a +2 spear of flaming.
Aiming: Throw Flame
Press: ? - help, Shift-Dir - straight line, f - wight
Aim: a wight, wielding a +0 battleaxe and wearing a +0 robe (68% to hit)
The puff of flame hits the wight.
The wight is moderately damaged.
Unknown command.
The wight attacks as it pursues you! The wight barely misses you.
Casting: Scorch (safe; 1% risk of failure)
Confirm with . or Enter, or press ? or * to list all spells.
Flames lash the wight.
The wight is severely damaged.
The wight's fire resistance burns away.
You hear the slow rusting of a very distant drain.
The wight hits you with a +0 battleaxe!
You feel drained.
Aiming: Throw Flame
Press: ? - help, Shift-Dir - straight line, f/p - wight
Aim: a wight, wielding a +0 battleaxe and wearing a +0 robe (severely damaged, more vulnerable to fire, 68% to hit)
The puff of flame hits the wight but does no damage.
The wight is severely damaged.
The wight hits you with a +0 battleaxe.
You feel drained.
Aiming: Throw Flame
Press: ? - help, Shift-Dir - straight line, f/p - wight
Aim: a wight, wielding a +0 battleaxe and wearing a +0 robe (severely damaged, more vulnerable to fire, 68% to hit)
The puff of flame misses the wight.
The wight hits you with a +0 battleaxe.
Unknown command.
Okay, then.
Okay, then.
Unknown command.
Unknown command.
Unknown command.
Blink to where?
Press: ? - help, Dir - move target, p - wight
As you read the scroll of blinking, it crumbles to dust.
Aiming: Throw Flame
Press: ? - help, Shift-Dir - straight line, f - wight
Aim: a wight, wielding a +0 battleaxe and wearing a +0 robe (translocational energy, severely damaged, more vulnerable to fire, 68% to hit)
The puff of flame misses the wight.
Aiming: Throw Flame
Press: ? - help, Shift-Dir - straight line, f/p - wight
Aim: a wight, wielding a +0 battleaxe and wearing a +0 robe (severely damaged, more vulnerable to fire, 68% to hit)
The puff of flame hits the wight.
The wight is burned terribly!
You destroy the wight!
Unknown command.
The wight attacks as it pursues you!
The wight hits you from afar with a +2 spear of flaming.
You feel drained. The wight burns you.
* * * LOW HITPOINT WARNING * * *
There is a stone staircase leading up here.
The wight hits you from afar with a +2 spear of flaming!
* * * LOW HITPOINT WARNING * * *
You feel drained.
* * * LOW HITPOINT WARNING * * *
The wight burns you.
You die...

### #@#
#.######
########z#....#
#.z.##...#.##.#
#.#.##.#.#.##.#
#.#.##.#......#
#z#....#.#.####
#.######.#.#
#(#.
###...z.##.#.#


You could see a wight.

Vanquished Creatures
  Sigmund (D:4)
  Eustachio (D:4)
  Menkaure (D:4)
  A water moccasin (D:5)
  2 phantoms (D:5)
  A bullfrog (D:6)
  A scorpion (D:4)
  4 wights (D:6)
  2 hounds (D:4)
  A jelly (D:4)
  An orc priest (D:5)
  2 iguanas
  An orc wizard (D:5)
  5 gnolls
  6 adders
  2 white imps
  2 ufetubi (D:6)
  2 worms
  3 dart slugs
  4 orcs
  2 bats (D:2)
  4 endoplasms
  A giant cockroach (D:1)
  13 goblins
  14 hobgoblins
  3 jackals (D:2)
  2 quokkas (D:5)
  8 ball pythons
  3 frilled lizards
  5 kobolds
  3 rats
101 creatures vanquished.

Vanquished Creatures (others)
  337 foxfires
337 creatures vanquished.

Grand Total: 438 creatures vanquished

Notes
Turn   | Place    | Note
-------+----------+-------------------------------------------
     0 | D:1      | Flugkiller the Deep Elf Fire Elementalist began the quest
                  | for the Orb.
     0 | D:1      | Reached XP level 1. HP: 10/10 MP: 6/6
   141 | D:1      | Reached XP level 2. HP: 15/15 MP: 5/8
   142 | D:1      | Found a faded altar of an unknown god.
   539 | D:1      | Reached XP level 3. HP: 19/19 MP: 5/9
   925 | D:2      | Learned a level 2 spell: Scorch
   958 | D:2      | Found an ancient bone altar of Kikubaaqudgha.
  1472 | D:2      | Reached XP level 4. HP: 24/24 MP: 7/11
  2772 | D:4      | Reached XP level 5. HP: 28/28 MP: 4/13
  2927 | D:4      | Noticed Eustachio
  2950 | D:4      | Reached skill level 5 in Fire Magic
  3120 | D:4      | Reached XP level 6. HP: 32/32 MP: 9/14
  3294 | D:4      | Noticed Sigmund
  3300 | D:4      | Killed Sigmund
  3301 | D:4      | Reached skill level 5 in Spellcasting
  3528 | D:4      | Reached skill level 5 in Conjurations
  3644 | D:4      | Noticed Menkaure
  3648 | D:4      | Killed Menkaure
  3649 | D:4      | Reached XP level 7. HP: 36/36 MP: 11/17
  3914 | D:5      | Entered Level 5 of the Dungeon
  3928 | D:4      | Killed Eustachio
  4607 | D:5      | Noticed Grinder
  4794 | D:5      | Reached XP level 8. HP: 41/41 MP: 10/19
  4842 | D:5      | Learned a level 3 spell: Volatile Blastmotes
  4847 | D:5      | Learned a level 4 spell: Flame Wave
  5114 | D:5      | You fall into a shaft and drop 1 floor!
  5190 | D:6      | Found a staircase to the Ecumenical Temple.
  5247 | D:6      | Slain by a wight

Illustrated notes

Levels and vault maps discovered:
D:1:      dpeg_arrival_arbitrary_b, layout_basic,
          ebering_ecumenical_altar_sacrificial
D:2:      cheibrodos_greedy_goblins, layout_basic, basic_altar
D:3:      minmay_wonky_spiral, layout_rooms, minmay_strange_pillars
D:4:      layout_basic, uniq_menkaure, uniq_sigmund, uniq_eustachio
D:5:      minmay_evil_eye, layout_basic, uniq_grinder
D:6:      layout_basic, minmay_temple_entry_junction_2,
          cheibrodos_sewer_entry_sluice, minmay_pentangle

Skill      XL: |  1  2  3  4  5  6  7  8 |
---------------+-------------------------+-----
Conjurations   | 2 3 4 5 6 7 |  7.2
Fire Magic     | 4 5 6 7 |  7.9
Spellcasting   | 4 5 6 |  6.7
Dodging        | |  2.4
Stealth        | |  2.4

Action                     |  1- 3 |  4- 6 |  7- 9 || total
---------------------------+-------+-------+-------++-------
  Melee: Dagger            |    12 |     1 |     2 ||    15
   Cast: Foxfire           |    59 |   110 |    40 ||   209
         Scorch            |     6 |     9 |    20 ||    35
  Evoke: Wand              |       |       |     8 ||     8
    Use: Scroll            |     2 |     4 |     2 ||     8
   Stab: Sleeping          |       |       |     1 ||     1
 Armour: Leather armour    |    12 |     6 |    11 ||    29
  Dodge: Dodged            |    14 |     7 |     6 ||    27

Table legend: (Time is in decaauts)
 A = Elapsed time spent in this place.
 B = Non-inter-level travel time spent in this place.
 C = Inter-level travel time spent in this place.
 D = Time resting spent in this place.
 E = Time spent auto-exploring this place.
 F = Levels seen in this place.
 G = Mean time per level.
                   A        B        C        D        E       F      G
               +--------+--------+--------+--------+--------+-----+--------+
         Total |   5247 |   5067 |    180 |   1415 |   2691 |   6 |  874.5 |
       Dungeon |   5247 |   5067 |    180 |   1415 |   2691 |   6 |  874.5 |
               +--------+--------+--------+--------+--------+-----+--------+

Top non-repeatable levels by time:
     D:4: 1585 daAuts
     D:5: 897 daAuts
     D:1: 889 daAuts
     D:3: 888 daAuts
     D:2: 855 daAuts
     D:6: 131 daAuts
